 Dungeon Crawl Stone Soup version 0.30-a0-1160-g6e42c06551 (webtiles) character file.

Game seed: 1100983969189148301

593 xian the Magician (level 7, -2/48 HPs)
             Began as a Demonspawn Hedge Wizard on Apr 27, 2023.
             Succumbed to an orc wizard's poison
             ... on level 5 of the Dungeon.
             The game lasted 00:11:00 (3505 turns).

xian the Magician (Demonspawn Hedge Wizard)         Turns: 3505, Time: 00:11:01

Health: -2/48      AC:  7    Str: 10    XL:     7   Next: 16%
Magic:  13/14      EV: 12    Int: 18    God:
Gold:   211        SH:  4    Dex: 12    Spells: 10/16 levels left

rFire   . . .        y - +2 short sword (drain)
rCold   . . .        (no shield)
rNeg    . . .        b - +0 robe
rPois   .            p - +0 helmet
rElec   .            x - +2 cloak
rCorr   .            (no gloves)
SInv    .            h - +0 pair of boots
Will    .....        (no amulet)
Stlth   ++           (no ring)
HPRegen 0.28/turn    (no ring)
MPRegen 0.14/turn

%: no passive effects
@: lethally poisoned (-2 -> -39)
A: spiny 3, condensation shield
a: no special abilities


You were on level 5 of the Dungeon.
You visited 1 branch of the dungeon, and saw 5 of its levels.

You collected 211 gold pieces.

Inventory:

Hand Weapons
 y - a +2 short sword of draining (weapon)
Missiles
 c - 2 throwing nets
Armour
 b - a +0 robe (worn)
 h - a +0 pair of boots (worn)
 p - a +0 helmet (worn)
 x - a +2 cloak (worn)
Jewellery
 q - an amulet of guardian spirit
Wands
 w - a wand of light (2)
Scrolls
 f - 2 scrolls of teleportation {unknown}
 i - 2 scrolls of identify {unknown}
 m - a scroll of fear {unknown}
 n - a scroll of silence {unknown}
 o - a scroll of amnesia {unknown}
 r - 2 scrolls of magic mapping {unknown}
 s - 2 scrolls of enchant weapon {unknown}
 u - a scroll of noise {unknown}
 v - a scroll of poison {unknown}
Potions
 d - 2 potions of magic
 e - 2 potions of curing {unknown}
 g - a potion of mutation {unknown}
 j - 3 potions of attraction {unknown}
 k - 2 potions of haste {unknown}
 t - a potion of brilliance {unknown}
 z - a potion of degeneration {unknown}


   Skills:
 + Level 1.0 Fighting
 + Level 1.6 Short Blades
 + Level 2.4 Dodging
 + Level 2.9 Stealth
 + Level 0.4 Shields
 + Level 5.1 Spellcasting
 + Level 2.7 Conjurations
 * Level 3.6 Summonings
 + Level 0.8 Translocations


You had 10 spell levels left.
You knew the following spells:

 Your Spells              Type           Power      Damage    Failure   Level
a - Magic Dart            Conj           56%        1d5       4%          1
b - Slow                  Hex            16%        N/A       13%         1
c - Call Imp              Summ           34%        N/A       4%          2
d - Blink                 Tloc           14%        N/A       14%         2

Your spell library contained the following spells:

 Spells                   Type           Power      Damage    Failure   Level
 Sting                    Tmut/Pois      16%        1d3       13%         1
 Cigotuvi's Dreadful Rot  Necr/Pois/Air  8%         N/A       21%         2
 Poisonous Vapours        Pois/Air       8%         N/A       21%         2
 Sublimation of Blood     Necr           4%         N/A       21%         2
 Wereblood                Tmut           4%         N/A       21%         2
 Mephitic Cloud           Conj/Pois/Air  7%         N/A       26%         3
 Olgreb's Toxic Radiance  Pois           4%         N/A       78%         4
 Summon Hydra             Summ           8%         N/A       100%        7


Dungeon Overview and Level Annotations

Branches:
Dungeon (5/15)
 Temple: D:4-7

Altars:

Annotations:
D:4 Eustachio


Innate Abilities, Weirdness & Mutations

You are completely covered in sharp spines.
A meltable shield of frost defends you. (SH +4)


Message History

Deactivating autopickup; reactivate with Ctrl-A.
You see here a bubbling blue potion.
You hit the orc wizard.
You kill the orc wizard!
Casting: Call Imp (safe; 4% risk of failure)
Confirm with . or Enter, or press ? or * to list all spells.
A tiny devil pulls itself out of the air.
You hear some strange, mumbled words.
A magic dart appears from out of thin air!
The magic dart hits you! The orc completely misses you.
You barely miss the orc.
You hear some strange, mumbled words.
A magic dart appears from out of thin air!
The magic dart hits you. The orc is struck by your spines.
The orc hits you but does no damage.
Your cerulean imp hits the orc but does no damage.
You hit the orc.
You kill the orc!
Something hits you but does no damage.
You are poisoned.
You miss something.
You hear the slow rusting of a drain very nearby.
You feel sick. Something hits you but does no damage.
You are more poisoned.
You barely miss something.
You feel very sick. Something hits you.
You are more poisoned.
You miss something.
You feel very sick. Something hits you.
You are more poisoned.
You hit something.
* * * LOW HITPOINT WARNING * * *
You feel very sick. Something hits you.
* * * LOW HITPOINT WARNING * * *
You are more poisoned.
You miss something.
You die...

... #.....# # #.#
#.# #.#.$##.#
##.###.###.......#
+.............#
#..#.#..)..#.##
#..#.#.......#######
#....#.............#
##†#...(...!5#####.#
#..........@)#
####..#####.#{#)#
#...<†# #.......
#.....#.# #.#...##.#
##....### #.......
.. ##### ..###..##
## ...+ ...# .. .##


You could see a friendly cerulean imp (summoned).

Vanquished Creatures
  Sigmund (D:3)
  A water moccasin (D:5)
  A phantom (D:4)
  2 scorpions
  An orc wizard (D:5)
  Robin (D:2)
  A gnoll (D:1)
  2 adders
  An orc (D:5)
  2 ball pythons
  8 endoplasms
  3 giant cockroaches
  8 goblins
  7 hobgoblins
  7 quokkas
  2 bats
  4 frilled lizards
  4 kobolds
  4 rats
60 creatures vanquished.

Vanquished Creatures (collateral kills)
  Jessica (D:3)
  A worm (D:3)
2 creatures vanquished.

Vanquished Creatures (others)
  44 plants (D:2)
44 creatures vanquished.

Grand Total: 106 creatures vanquished

Notes
Turn   | Place    | Note
-------+----------+-------------------------------------------
     0 | D:1      | xian the Demonspawn Hedge Wizard began the quest for the
                  | Orb.
     0 | D:1      | Reached XP level 1. HP: 13/13 MP: 4/4
   476 | D:1      | Gained mutation: You are partially covered in sharp spines.
                  | [demonic ancestry]
   476 | D:1      | Reached XP level 2. HP: 19/19 MP: 3/6
   478 | D:1      | Learned a level 1 spell: Slow
  1154 | D:2      | Gained mutation: You are mostly covered in sharp spines.
                  | [demonic ancestry]
  1154 | D:2      | Reached XP level 3. HP: 24/24 MP: 5/8
  1161 | D:2      | Noticed Robin
  1179 | D:2      | Killed Robin
  1183 | D:2      | Reached skill level 4 in Spellcasting
  1497 | D:2      | Gained mutation: A meltable shield of frost defends you.
                  | (SH +4) [demonic ancestry]
  1497 | D:2      | Reached XP level 4. HP: 30/30 MP: 8/10
  2075 | D:3      | Learned a level 2 spell: Call Imp
  2078 | D:3      | Learned a level 2 spell: Blink
  2406 | D:3      | Noticed a scorpion
  2423 | D:3      | Killed a scorpion
  2424 | D:3      | Reached XP level 5. HP: 30/35 MP: 4/11
  2643 | D:3      | Noticed Sigmund
  2674 | D:3      | Killed Sigmund
  2675 | D:3      | Reached skill level 1 in Short Blades
  2675 | D:3      | Gained mutation: You are completely covered in sharp
                  | spines. [demonic ancestry]
  2675 | D:3      | Reached XP level 6. HP: 42/42 MP: 9/13
  2870 | D:3      | Noticed Jessica
  2882 | D:3      | Killed Jessica
  3340 | D:4      | Noticed Eustachio
  3450 | D:5      | Entered Level 5 of the Dungeon
  3450 | D:5      | Noticed a water moccasin
  3464 | D:5      | Killed a water moccasin
  3465 | D:5      | Reached skill level 1 in Fighting
  3465 | D:5      | Reached skill level 5 in Spellcasting
  3465 | D:5      | Reached XP level 7. HP: 46/48 MP: 12/14
  3505 | D:5      | Succumbed to an orc wizard's poison

Illustrated notes

Levels and vault maps discovered:
D:1:      dpeg_arrival_ternary, layout_basic, item_on_display_a
D:2:      wad_woods_stonehenge, layout_basic, hangedman_decor_clover_reticule,
          uniq_robin
D:3:      layout_loops_corners, uniq_sigmund, uniq_jessica
D:4:      cheibrodos_quashed, layout_gridville, amethyst_killhole, uniq_duvessa,
          uniq_eustachio
D:5:      layout_basic, minmay_temple_entry_waves, serial_glass,
          glass_columns_a, glass_columns_c, lightli_sewer_entry_pipes,
          nicolae_shop_sticking_my_neck_out

Skill      XL: |  1  2  3  4  5  6 |
---------------+-------------------+-----
Spellcasting   | 4 5 |  5.1
Dodging        | 2 |  2.4
Stealth        | 2 |  2.9
Summonings     | 2 3 |  3.6
Conjurations   | 2 |  2.7
Short Blades   | 1 |  1.6
Fighting       | 1 |  1.0
Shields        | |  0.4
Translocations | |  0.8

Action                     |  1- 3 |  4- 6 |  7- 9 || total
---------------------------+-------+-------+-------++-------
  Melee: Dagger            |    34 |    41 |       ||    75
         Short sword       |       |       |     8 ||     8
   Cast: Magic Dart        |    63 |    36 |       ||    99
         Call Imp          |       |     9 |     1 ||    10
   Stab: Sleeping          |     1 |     4 |       ||     5
 Armour: Robe              |     7 |    13 |     3 ||    23
  Dodge: Dodged            |    34 |    13 |     1 ||    48
  Block: Other             |       |     6 |       ||     6

Table legend: (Time is in decaauts)
 A = Elapsed time spent in this place.
 B = Non-inter-level travel time spent in this place.
 C = Inter-level travel time spent in this place.
 D = Time resting spent in this place.
 E = Time spent auto-exploring this place.
 F = Levels seen in this place.
 G = Mean time per level.
                   A        B        C        D        E       F      G
               +--------+--------+--------+--------+--------+-----+--------+
         Total |   3504 |   3424 |     80 |     65 |   2621 |   5 |  700.8 |
       Dungeon |   3504 |   3424 |     80 |     65 |   2621 |   5 |  700.8 |
               +--------+--------+--------+--------+--------+-----+--------+

Top non-repeatable levels by time:
     D:3: 1175 daAuts
     D:1: 1136 daAuts
     D:2: 883 daAuts
     D:4: 255 daAuts
     D:5: 53 daAuts
